 Dungeon Crawl Stone Soup version 0.30-a0-862-g1aabd4f9c5 (webtiles) character file.

Game seed: 12605296690003308765

212 Rocko1345 the Shield-Bearer (level 5, -1/43 HPs)
             Began as a Gnoll Wanderer on Mar 9, 2023.
             Was an Initiate of Cheibriados.
             Slain by Duvessa
             ... wielding a +0 short sword of electrocution
              (4 damage)
             ... on level 4 of the Dungeon.
             The game lasted 00:08:14 (2168 turns).

Rocko1345 the Shield-Bearer (Gnoll Wanderer)        Turns: 2168, Time: 00:08:14

Health: -1/43      AC:  7    Str: 10    XL:     5   Next: 90%
Magic:  9/9        EV:  9    Int: 17    God:    Cheibriados [......]
Gold:   180        SH:  0    Dex: 12    Spells: 9/10 levels left

rFire   . . .      SeeInvis .    h - +3 dagger (protect)
rCold   . . .      Faith    .    d - +2 buckler
rNeg    . . .      Spirit   .    b - +0 scale mail
rPois   .          Reflect  .    (no helmet)
rElec   .          Rampage  .    (no cloak)
rCorr   .                        (no gloves)
Will    .....                    (no boots) Stlth
                                 i - amulet of regeneration
HPRegen 1.07/turn                (no ring)
MPRegen 0.11/turn                (no ring)

@: confused, ambrosia-drunk, invisible, very slow
A: fangs 1, strong nose, distributed training
a: Renounce Religion


You were on level 4 of the Dungeon.
You worshipped Cheibriados.
Cheibriados was noncommittal.
You visited 1 branch of the dungeon, and saw 4 of its levels.

You collected 180 gold pieces.

Inventory:

Hand Weapons
 a - a +0 dagger
 h - a +3 dagger of protection (weapon)
 r - a +0 long sword
Missiles
 j - 2 poisoned darts
 C - 5 javelins
Armour
 b - a +0 scale mail (worn)
 d - a +2 buckler (worn)
Magical Staves
 f - a staff of death
 B - a staff of fire
Jewellery
 i - an amulet of regeneration (around neck)
 n - a ring of wizardry
 y - a ring of wizardry
Wands
 e - a wand of polymorph (7) (quivered)
Scrolls
 k - a scroll of amnesia {unknown}
 l - 2 scrolls of noise
 q - a scroll of fear {unknown}
 t - a scroll of poison {unknown}
 u - a scroll of fog {unknown}
 A - 2 scrolls of teleportation {unknown}
Potions
 c - a potion of attraction
 m - a potion of invisibility
 p - 3 potions of curing {unknown}
 s - a potion of flight {unknown}
 v - 2 potions of haste {unknown}
 w - a potion of brilliance {unknown}
 x - a potion of heal wounds {unknown}
 z - a potion of degeneration {unknown}


   Skills:
 + Level 4.9 Fighting
 + Level 1.7 Short Blades
 + Level 1.7 Long Blades
 + Level 1.7 Axes
 + Level 1.7 Maces & Flails
 + Level 1.7 Polearms
 + Level 1.7 Staves
 + Level 1.7 Ranged Weapons
 + Level 1.7 Throwing
 + Level 4.9 Armour
 + Level 3.1 Dodging
 + Level 1.7 Stealth
 + Level 6.7 Shields
 + Level 1.7 Unarmed Combat
 + Level 3.3 Spellcasting
 + Level 2.5 Conjurations
 + Level 1.3 Hexes
 + Level 1.3 Summonings
 + Level 1.3 Necromancy
 + Level 1.3 Translocations
 + Level 1.3 Transmutations
 + Level 1.3 Fire Magic
 + Level 1.3 Ice Magic
 + Level 1.3 Air Magic
 + Level 1.3 Earth Magic
 + Level 1.3 Poison Magic
 + Level 2.0 Invocations
 + Level 1.7 Evocations


You had 9 spell levels left.
You knew the following spells:

 Your Spells              Type           Power      Damage    Failure   Level
a - Magic Dart            Conj           44%        1d5       41%         1

Your spell library contained the following spells:

 Spells                   Type           Power      Damage    Failure   Level
 Necrotise                Necr           28%        1d5       58%         1
 Sublimation of Blood     Necr           7%         N/A       73%         2
 Wereblood                Tmut           7%         N/A       73%         2
 Dazzling Flash           Conj/Hex       18%        N/A       86%         3
 Vampiric Draining        Necr           7%         2d6       91%         3
 Agony                    Necr           7%         N/A       100%        5
 Summon Hydra             Summ           3%         N/A       100%        7


Dungeon Overview and Level Annotations

Branches:
Dungeon (4/15)
 Temple: D:4-7

Altars:
Cheibriados
Xom
Zin

Annotations:
D:4 Dowan, Duvessa


Innate Abilities, Weirdness & Mutations

You have very sharp teeth.
Your uncanny sense of smell can sniff out nearby items.
Your experience applies equally to all skills.


Message History

Duvessa is lightly wounded.
Dowan hits you but does no damage. Duvessa hits you but does no damage.
You hit Duvessa but do no damage. You bite Duvessa, but do no damage.
Duvessa is lightly wounded.
Dowan casts a spell at you. The puff of frost misses you.
Duvessa hits you with a +0 short sword of electrocution.
You barely miss Duvessa. You bite Duvessa, but do no damage.
Duvessa is lightly wounded.
You block Dowan's attack.
Duvessa hits you with a +0 short sword of electrocution.
You are electrocuted!
You hit Duvessa. You bite Duvessa, but do no damage.
Duvessa is moderately wounded.
Dowan hits you but does no damage.
Duvessa hits you with a +0 short sword of electrocution.
You hit Duvessa.
Duvessa is moderately wounded.
Dowan hits you with a +0 dagger. Duvessa hits you but does no damage.
You are electrocuted!
* * * LOW HITPOINT WARNING * * *
You closely miss Duvessa. You bite Duvessa, but do no damage.
Duvessa is moderately wounded.
Dowan closely misses you. You block Duvessa's attack.
You are confused.
You feel invigorated.
Dowan points at you and mumbles some strange words.
The puff of frost hits you. Duvessa hits you but does no damage.
Okay, then.
You fade into invisibility!
Dowan hits you but does no damage. Duvessa hits you but does no damage.
Duvessa hits you with a +0 short sword of electrocution.
You are electrocuted!
* * * LOW HITPOINT WARNING * * *
Duvessa says, "Where magic fails, the sword succeeds!"
Dowan casts a spell at you. The puff of frost hits you!
* * * LOW HITPOINT WARNING * * *
Duvessa hits you with a +0 short sword of electrocution.
You die...

.#.##............###.....
.#.##..................#
.#.##...#####..........##
.#.......# #............
.)###....# #...........#
#........####...........#
.........................
######.........e.........
.....#.#.....###@........
####. .#........e?..[.#.#
.# ............##.## #
.### ...........# ...
.... ..........## ...
###. . ........# .... ..
#.......# ... ###
###.###.#


You could see Duvessa (unable to see you) and Dowan (unable to see you).

Vanquished Creatures
  A black bear (D:4)
  6 adders
  2 worms (D:3)
  2 dart slugs
  An orc (D:4)
  9 ball pythons
  5 endoplasms
  A giant cockroach (D:4)
  5 goblins
  4 hobgoblins
  4 jackals
  3 quokkas
  3 bats
  2 frilled lizards
  5 kobolds (D:1)
  5 rats
58 creatures vanquished.

Notes
Turn   | Place    | Note
-------+----------+-------------------------------------------
     0 | D:1      | Rocko1345 the Gnoll Wanderer began the quest for the Orb.
     0 | D:1      | Rocko1345 set off with the following items: a +0 dagger, a
                  | +0 scale mail, a potion of attraction, a +2 buckler; and
                  | the following spell memorised: Magic Dart; and the
                  | following spells available to memorise: Dazzling Flash.
     0 | D:1      | Reached XP level 1. HP: 20/20 MP: 4/4
   115 | D:1      | Reached XP level 2. HP: 24/26 MP: 5/5
   348 | D:1      | Reached XP level 3. HP: 31/31 MP: 7/7
   639 | D:2      | Reached skill level 1 in Invocations
   641 | D:2      | Found a shimmering altar of Xom.
   743 | D:2      | Reached skill level 1 in Short Blades
   743 | D:2      | Reached skill level 1 in Long Blades
   743 | D:2      | Reached skill level 1 in Axes
   743 | D:2      | Reached skill level 1 in Maces & Flails
   743 | D:2      | Reached skill level 1 in Polearms
   743 | D:2      | Reached skill level 1 in Staves
   743 | D:2      | Reached skill level 1 in Ranged Weapons
   743 | D:2      | Reached skill level 1 in Throwing
   743 | D:2      | Reached skill level 1 in Stealth
   743 | D:2      | Reached skill level 1 in Unarmed Combat
   743 | D:2      | Reached skill level 1 in Evocations
   890 | D:2      | Reached XP level 4. HP: 38/38 MP: 8/8
  1260 | D:3      | Reached skill level 1 in Hexes
  1260 | D:3      | Reached skill level 1 in Summonings
  1260 | D:3      | Reached skill level 1 in Necromancy
  1260 | D:3      | Reached skill level 1 in Translocations
  1260 | D:3      | Reached skill level 1 in Transmutations
  1260 | D:3      | Reached skill level 1 in Fire Magic
  1260 | D:3      | Reached skill level 1 in Ice Magic
  1260 | D:3      | Reached skill level 1 in Air Magic
  1260 | D:3      | Reached skill level 1 in Earth Magic
  1260 | D:3      | Reached skill level 1 in Poison Magic
  1485 | D:3      | Found a snail-covered altar of Cheibriados.
  1509 | D:3      | Became a worshipper of Cheibriados the Contemplative
  1668 | D:3      | Reached XP level 5. HP: 41/43 MP: 9/9
  2024 | D:4      | Found a glowing silver altar of Zin.
  2087 | D:4      | Noticed a black bear
  2103 | D:4      | Killed a black bear
  2139 | D:4      | Noticed Dowan
  2139 | D:4      | Noticed Duvessa
  2168 | D:4      | Slain by Duvessa

Illustrated notes

Levels and vault maps discovered:
D:1:      mrwooster_arrival_statue, layout_rooms, hex_large, nicolae_titane
D:2:      layout_loops_ring, basic_altar
D:3:      layout_loops_ring, slow_altar_2, nicolae_overflow_hidden_temple
D:4:      layout_basic, mainiacjoe_overflow_tiny_flanked, uniq_ijyb,
          uniq_duvessa

Skill      XL: |  1  2  3  4  5 |
---------------+----------------+-----
Conjurations   | 2 |  2.5
Invocations    | 1 2 |  2.0
Short Blades   | 1 |  1.7
Long Blades    | 1 |  1.7
Axes           | 1 |  1.7
Maces & Flails | 1 |  1.7
Polearms       | 1 |  1.7
Staves         | 1 |  1.7
Ranged Weapons | 1 |  1.7
Throwing       | 1 |  1.7
Stealth        | 1 |  1.7
Unarmed Combat | 1 |  1.7
Evocations     | 1 |  1.7
Spellcasting   | 3 |  3.3
Hexes          | 1 |  1.3
Summonings     | 1 |  1.3
Necromancy     | 1 |  1.3
Translocations | 1 |  1.3
Transmutations | 1 |  1.3
Fire Magic     | 1 |  1.3
Ice Magic      | 1 |  1.3
Air Magic      | 1 |  1.3
Earth Magic    | 1 |  1.3
Poison Magic   | 1 |  1.3
Dodging        | 3 |  3.1
Fighting       | |  4.9
Armour         | |  4.9
Shields        | |  6.7

Action                     |  1- 3 |  4- 6 || total
---------------------------+-------+-------++-------
  Melee: Dagger            |   122 |   123 ||   245
         Bite              |    11 |    18 ||    29
    Use: Scroll            |     5 |     1 ||     6
         Potion            |       |     2 ||     2
 Armour: Scale mail        |    41 |    61 ||   102
  Dodge: Dodged            |    40 |    37 ||    77
  Block: Buckler           |    40 |    45 ||    85

Table legend: (Time is in decaauts)
 A = Elapsed time spent in this place.
 B = Non-inter-level travel time spent in this place.
 C = Inter-level travel time spent in this place.
 D = Time resting spent in this place.
 E = Time spent auto-exploring this place.
 F = Levels seen in this place.
 G = Mean time per level.
                   A        B        C        D        E       F      G
               +--------+--------+--------+--------+--------+-----+--------+
         Total |   2333 |   2173 |    160 |     10 |   1508 |   4 |  583.2 |
       Dungeon |   2333 |   2173 |    160 |     10 |   1508 |   4 |  583.2 |
               +--------+--------+--------+--------+--------+-----+--------+

Top non-repeatable levels by time:
     D:3: 949 daAuts
     D:2: 653 daAuts
     D:1: 551 daAuts
     D:4: 179 daAuts
